 Dungeon Crawl Stone Soup version 0.31-a0-182-gc5ef74bbde (webtiles) character file.

Game seed: 16758354345030202297

185936 frimble the Blocker (level 18, -4/120 HPs)
             Began as an Octopode Warper on June 20, 2023.
             Was the Champion of Cheibriados.
             Shot with an arrow by a deep elf master archer (18 damage)
             ... on level 3 of the Elven Halls.
             The game lasted 00:52:43 (23930 turns).

frimble the Blocker (Octopode Warper)              Turns: 23930, Time: 00:52:44

Health: -4/120     AC:  5    Str: 45    XL:     18   Next: 46%
Magic:  23/25      EV: 29    Int: 32    God:    Cheibriados [******]
Gold:   435        SH: 18    Dex: 31    Spells: 20/31 levels left

rFire   + .          .
                       - Unarmed
rCold   . . .        V - +1 kite shield of Qilon {rPois Str+3 Dex+3 Stlth+}
rNeg    . . .        (helmet restricted)
rPois   +            e - amulet of regeneration
rElec   .            z - ring of willpower
rCorr   +            f - ring of resist corrosion
SInv    +            h - +6 ring of strength
Will    ++...        t - +6 ring of strength
Stlth   ++++++       g - +4 ring of protection
HPRegen 1.20/turn    T - ring of see invisible
MPRegen 0.19/turn    H - ring of protection from fire
                     q - +5 ring of evasion

%: no passive effects
@: mighty, on berserk cooldown, slowed, very slow
A: almost no armour, amphibious, 8 rings, camouflage 1, gelatinous body 1,
(nimble swimmer 1), tentacles, low MP 1, screaming 1
a: Renounce Religion, Bend Time, Temporal Distortion, Slouch, Step From Time


You were on level 3 of the Elven Halls.
You worshipped Cheibriados.
Cheibriados was exalted by your worship.
You visited 4 branches of the dungeon, and saw 25 of its levels.
You visited the Abyss 1 time.
You visited 1 bazaar.
You also visited: Sewer, Ice Cave and Volcano.

You collected 2467 gold pieces.
You spent 2032 gold pieces at shops.

Inventory:

Hand Weapons
 P - a +2 spectral demon whip
Missiles
 b - 7 boomerangs of dispersal
 k - 28 poisoned darts
 p - 6 silver javelins
 Z - a boomerang (quivered)
Armour
 a - a +1 buckler of cold resistance
 V - the +1 kite shield of Qilon (worn) {rPois Str+3 Dex+3 Stlth+}
   (You bought it in a shop on level 13 of the Dungeon)

   Str:       It affects your strength (+3).
   Dex:       It affects your dexterity (+3).
   rPois:     It protects you from poison.
   Stlth:     It makes you more stealthy.
Jewellery
 e - an amulet of regeneration (around mantle)
 f - a ring of resist corrosion (right tentacle)
 g - a +4 ring of protection (on tentacle)
 h - a +6 ring of strength (on tentacle)
 q - a +5 ring of evasion (on tentacle)
 t - a +6 ring of strength (on tentacle)
 u - the amulet "Seit" {RegenMP Int+2}
   (You bought it in a shop in a bazaar)

   [amulet of magic regeneration]

   It increases your rate of magic regeneration.
   Int:       It affects your intelligence (+2).
 w - a ring of protection from cold
 z - a ring of willpower (left tentacle)
 H - a ring of protection from fire (on tentacle)
 N - a ring of flight
 T - a ring of see invisible (on tentacle)
 U - a ring of positive energy
Wands
 E - a wand of iceblast (3)
 F - a wand of mindburst (11)
 G - a wand of digging (2)
 O - a wand of polymorph (2)
Scrolls
 c - 7 scrolls of identify
 i - 2 scrolls of vulnerability
 x - 2 scrolls of fog
 y - 7 scrolls of teleportation
 B - 7 scrolls of noise
 C - 3 scrolls of torment
 J - 4 scrolls of enchant armour
 K - 3 scrolls of blinking
 M - 2 scrolls of butterflies
 Q - 3 scrolls of immolation
 W - 2 scrolls of amnesia
 Y - 2 scrolls of poison
Potions
 j - 3 potions of brilliance
 l - 8 potions of enlightenment
 m - 2 potions of magic
 n - 12 potions of curing
 r - 2 potions of attraction
 s - 12 potions of heal wounds
 v - 2 potions of cancellation
 A - 3 potions of berserk rage
 D - 2 potions of mutation
 L - 2 potions of might
 R - 2 potions of ambrosia
 S - 2 potions of lignification
 X - 2 potions of resistance
Miscellaneous
 I - a sack of spiders (inert)


   Skills:
 - Level 10.0 Fighting
 - Level 0.1 Short Blades
 - Level 5.2 Throwing
 - Level 10.0 Dodging
 - Level 6.0 Stealth
 + Level 14.8 Shields
 + Level 12.7 Unarmed Combat
 - Level 7.0 Spellcasting
 - Level 7.0 Translocations
 + Level 12.9 Transmutations
 + Level 12.8 Earth Magic
 - Level 9.0 Invocations
 - Level 8.0 Evocations


You had 20 spell levels left.
You knew the following spells:

 Your Spells              Type           Power      Damage    Failure   Level
a - Blink                 Tloc           100%       N/A       1%          2
b - Passwall              Tmut/Erth      63%        N/A       1%          2
c - Statue Form           Tmut/Erth      50%        N/A       4%          6
d - Apportation           Tloc           100%       N/A       1%          1

Your spell library contained the following spells:

 Spells                   Type           Power      Damage    Failure   Level
 Sandblast                Erth           100%       2d20      1%          1
 Sting                    Tmut/Pois      100%       1d8       1%          1
 Lesser Beckoning         Tloc           100%       N/A       1%          2
 Momentum Strike          Conj/Tloc      66%        3d9       1%          2
 Gell's Gravitas          Tloc           54%        N/A       1%          3
 Spider Form              Tmut/Pois      51%        N/A       1%          3
 Stone Arrow              Conj/Erth      100%       3d13      1%          3
 Teleport Other           Tloc           54%        N/A       1%          3
 Petrify                  Tmut/Erth      76%        N/A       1%          4
 Lee's Rapid Deconstruct  Erth           38%        3d19*     1%          5
 Ignite Poison            Fire/Tmut/Pois 38%        N/A       2%          3
 Manifold Assault         Tloc           54%        N/A       2%          4
 Vhi's Electric Charge    Tloc/Air       66%        N/A       3%          3
 Volatile Blastmotes      Fire/Tloc      66%        2d15      3%          3
 Ice Form                 Ice/Tmut       51%        N/A       3%          4
 Leda's Liquefaction      Hex/Erth       25%        N/A       3%          4
 Foxfire                  Conj/Fire      44%        2x1d6     4%          1
 Call Imp                 Summ           22%        N/A       8%          2
 Cigotuvi's Dreadful Rot  Necr/Pois/Air  22%        N/A       8%          2
 Ensorcelled Hibernation  Hex/Ice        22%        N/A       8%          2
 Sublimation of Blood     Necr           11%        N/A       8%          2
 Alistair's Intoxication  Tmut/Pois      34%        N/A       10%         5
 Irradiate                Conj/Tmut      25%        3d20      10%         5
 Yara's Violent Unravell  Hex/Tmut       25%        3d11      10%         5
 Iskenderun's Mystic Bla  Conj/Tloc      33%        2d8       12%         4
 Dazzling Flash           Conj/Hex       22%        N/A       16%         3
 Frozen Ramparts          Ice            22%        1d4       16%         3
 Hailstorm                Conj/Ice       11%        3d5       16%         3
 Inner Flame              Hex/Fire       11%        N/A       16%         3
 Mephitic Cloud           Conj/Pois/Air  11%        N/A       16%         3
 Dispersal                Tloc           27%        N/A       41%         6
 Anguish                  Hex/Necr       5%         N/A       45%         4
 Animate Dead             Necr           11%        N/A       45%         4
 Dispel Undead            Necr           11%        3d9       45%         4
 Flame Wave               Conj/Fire      11%        2d6       45%         4
 Fulminant Prism          Conj/Hex       5%         3d7       45%         4
 Summon Ice Beast         Ice/Summ       11%        N/A       45%         4
 Eringya's Noxious Bog    Tmut/Pois      25%        N/A       50%         6
 Leda's Unmaking          Conj/Erth      25%        9d5       50%         6
 Agony                    Necr           11%        N/A       80%         5
 Metabolic Englaciation   Hex/Ice        5%         N/A       80%         5
 Silence                  Hex/Air        5%         N/A       80%         5
 Summon Mana Viper        Hex/Summ       11%        N/A       80%         5
 Death Channel            Necr           5%         N/A       100%        6
 Plasma Beam              Fire/Air       5%         2x1d16    100%        6
 Simulacrum               Ice/Necr       5%         N/A       100%        6
 Haunt                    Necr/Summ      5%         N/A       100%        7
 Monstrous Menagerie      Summ           5%         N/A       100%        7
 Ozocubu's Refrigeration  Ice            5%         4d8       100%        7
 Summon Hydra             Summ           5%         N/A       100%        7
 Ignition                 Fire           5%         3d4       100%        8
 Infestation              Necr           5%         N/A       100%        8
 Dragon's Call            Summ           5%         N/A       100%        9
 Animate Armour           Summ/Erth      Unusable   N/A       N/A         4

Dungeon Overview and Level Annotations

Branches:
Dungeon (15/15)            Temple (0/1) D:5            Lair (5/5) D:9
 Shoals (0/4) Lair:3       Spider (0/4) Lair:3        Slime (0/5) Lair:5
    Orc (2/2) D:11            Elf (3/3) Orc:2        Vaults (0/5) D:14
 Depths (0/4) D:15          Sewer (visited)           IceCv (visited)
Volcano (visited)

Altars:
Cheibriados
Dithmenos
Elyvilon
Fedhas
Gozag
Hepliaklqana
Kikubaaqudgha
Ru
Sif Muna
Trog
Vehumet
Wu Jian
Xom
Jiyva

Shops:
D:9 *   D:10 *   D:13 [[!=?   D:15 (   Orc:2 *:[(*

Portals:
Abyss: D:6

Annotations:
D:5 2 transporters, wolfgangpup's ghost, novice DsIE
D:6 2 transporters, innerfire43's ghost, novice DsMo
D:12 1 runed translucent door
Lair:1 exclusion: oklob plant
Lair:5 1 runed translucent door


Innate Abilities, Weirdness & Mutations

You cannot wear most types of armour.
You are amphibious.
You can wear up to eight rings at the same time.
Your skin changes colour to match your surroundings (Stealth+).
Your rubbery body absorbs attacks. (AC +1, EV +1)
((You are camouflaged when in or above water. (Stealth+)))
You have tentacles for arms and can constrict up to eight enemies at once.
Your magical capacity is low. (-10% MP)
You occasionally shout uncontrollably at your foes.


Message History

You block the quasit's attack. The quasit misses you. x2
You thrash the bone dragon!!! You squeeze the bone dragon!!
The bone dragon is almost destroyed.
You hear a trumpeting!
You hear a shout!
You block the quasit's attack. The quasit completely misses you.
The quasit closely misses you. The bone dragon closely misses you.
You block the bone dragon's attack. The bone dragon tramples you.
You hold your ground!
You batter the bone dragon!!
You destroy the bone dragon!
Cheibriados thoroughly appreciates the change of pace.
The quasit misses you. You block the quasit's attack.
The quasit barely misses you.
You thrash the quasit!!!
You kill the quasit!
Cheibriados thoroughly appreciates the change of pace.
You bludgeon the raiju! Your grab misses the raiju. You squeeze the raiju!
The raiju is almost dead.
You block the raiju's attack.
You batter the raiju!!
You kill the raiju!
Cheibriados appreciates the change of pace.
Your transformation is almost over.
You feel a strong urge to attack something.
You are no longer berserk.
You are exhausted.
You feel yourself slow down.
You start resting.
You revert to your normal fleshy form.
A hellephant comes into view.
Your memory of the abyssal rune fades away.
You pass through the gate.
Welcome back to the Elven Halls!
The deep elf sorcerer points at you and mumbles some strange words.
The sphere of damnation explodes!
The damnation engulfs you!!!
* * * LOW HITPOINT WARNING * * *
The deep elf master archer wields a +0 longbow.
The deep elf master archer shoots an arrow.
The arrow hits you!!
You die...

### ##'#...#+
###.###.######
###(....'##
#.........#
#.......[.#
#....)[)..+
#....)....#
#....)....#
###.@...###
#e.#.###
#e.### # #e.#
# #..# # #.e#
# #ee# # #..#
# .... #


You could see a deep elf master archer, 3 deep elf sorcerers, a deep elf
elementalist (repels missiles) and a deep elf demonologist.

Vanquished Creatures
  A profane servitor (Abyss:3)
  A bone dragon (Abyss:3)
  Asterion (Elf:1)
  Zenata (Elf:1)
  A deep elf blademaster (Elf:2)
  4 tentacled starspawn
  3 sphinxes (Elf:1)
  2 azure jellies (Elf:2)
  A deep elf sorcerer (Elf:3)
  A balrug (Abyss:3)
  An orc warlord (Orc:2)
  A reaper (IceCv)
  A formless jellyfish (D:13)
  2 deep elf demonologists
  Nessos (D:14)
  Azrael (D:14)
  A dire elephant (D:15)
  4 deep elf death magi (Elf:3)
  Snorg (D:14)
  A deep elf high priest (Elf:3)
  11 hydras
  2 vault guards (D:14)
  6 boulder beetles
  An ogre mage (D:13)
  A catoblepas (Lair:5)
  5 centaur warriors
  6 two-headed ogres
  12 death yaks
  3 thrashing horrors (Abyss:3)
  27 dancing weapons
  5 tengu warriors
  5 orc high priests (Orc:2)
  A hell knight (Volcano)
  Amaemon (Lair:1)
  17 deep elf knights
  A salamander mystic (Volcano)
  2 skysharks
  A sea snake (Elf:2)
  A wretched star (Abyss:3)
  A fire crab (Elf:2)
  A death drake (Elf:2)
  A glowing orange brain (Elf:2)
  A skeletal warrior (D:10)
  4 deep elf archers
  3 lindwurms
  A flayed ghost (Abyss:3)
  Pikel (D:4)
  5 orc sorcerers (Orc:2)
  18 deep elf pyromancers
  4 harpies (Elf:1)
  A wolf spider (D:15)
  4 cyclopes
  2 orc knights (Orc:2)
  10 ugly things
  27 deep elf zephyrmancers
  8 manticores
  2 worldbinders (Elf:2)
  A moth of wrath (shapeshifter) (D:14)
  4 salamanders (Volcano)
  7 black mambas
  A guardian serpent (D:15)
  A rust devil (Abyss:2)
  2 apocalypse crabs (Abyss:3)
  Joseph (D:7)
  2 orange demons
  4 ice statues
  A smoke demon (Abyss:3)
  4 gargoyles
  10 cane toads
  A water nymph (Lair:3)
  2 molten gargoyles (Elf:2)
  A rime drake (Lair:2)
  2 unseen horrors
  A kobold demonologist (D:11)
  6 komodo dragons
  5 ice devils
  2 freezing wraiths
  A yaktaur (D:15)
  8 polar bears
  7 hornets
  2 tarantellas (Elf:2)
  8 trolls
  10 raiju (Abyss:3)
  2 wind drakes (shapeshifter)
  3 blink frogs (Lair:5)
  2 dream sheep (Lair:5)
  A blink frog (shapeshifter) (D:15)
  An air elemental (Elf:1)
  3 water elementals
  13 slime creatures
  11 spriggans (Lair:5)
  3 ynoxinuls (Abyss:3)
  A dire elephant simulacrum (IceCv)
  4 shadows
  3 wyverns
  A vampire (D:13)
  65 yaks
  Eustachio (D:5)
  5 wraiths
  6 basilisks
  9 fire elementals
  Grum (D:8)
  A chaos spawn (Abyss:3)
  3 large abominations (Abyss:3)
  10 humans (D:14)
  3 neqoxecs (Abyss:3)
  5 redbacks
  A steam dragon (D:9)
  2 harpy simulacra (Elf:2)
  A warg (Orc:2)
  4 acid dragons
  3 death yak simulacra
  A hydra simulacrum (IceCv)
  5 hell hounds
  12 water moccasins
  26 orc warriors
  2 sky beasts
  Edmund (D:5)
  3 ice beasts
  3 black bears
  10 ogres
  A fire dragon simulacrum (Elf:2)
  30 wolves
  6 boggarts
  2 black mamba simulacra (Elf:2)
  17 centaurs
  A lemure (D:4)
  2 phantoms
  6 kobold brigands
  9 bullfrogs
  Blork the orc (D:5)
  3 gnoll sergeants
  7 scorpions
  2 earth elementals (Elf:2)
  4 cane toad simulacra
  An entropy weaver simulacrum (Lair:2)
  6 wights
  2 troll zombies (D:11)
  15 killer bees
  2 elephant simulacra (Elf:2)
  3 electric eels
  6 howler monkeys
  A lava snake (Elf:2)
  9 orc priests
  A quasit (Abyss:3)
  2 jellies
  3 hounds
  Crazy Yiuf (D:5)
  2 iguanas
  Jessica (D:2)
  A sleepcap (D:7)
  Natasha (thrice) (D:3)
  8 hell rats
  13 orc wizards
  2 polar bear simulacra
  3 spriggan simulacra
  3 troll simulacra
  6 ogre zombies (D:11)
  18 gnolls
  3 naga simulacra (IceCv)
  7 adders
  4 river rats
  A shadow imp (D:6)
  4 white imps
  5 ufetubi
  5 worms
  3 dart slugs
  60 orcs
  6 ball pythons
  8 bats
  8 endoplasms
  7 giant cockroaches
  4 goblins
  8 hobgoblins
  2 jackals (Sewer)
  18 kobolds
  7 quokkas
  3 goblin skeletons (D:11)
  3 goblin zombies (D:11)
  2 hobgoblin skeletons (D:11)
  2 hobgoblin zombies (D:11)
  An orc skeleton (D:11)
  14 orc zombies (D:11)
  9 rats
  3 starspawn tentacles
957 creatures vanquished.

Vanquished Creatures (collateral kills)
  2 death yaks
  A bog body (Lair:2)
  A black mamba (Lair:2)
  An ice devil (Lair:2)
  A polar bear (Lair:2)
  5 yaks (Lair:2)
  A spriggan simulacrum (Lair:2)
12 creatures vanquished.

Vanquished Creatures (others)
  An air elemental (Elf:2)
  A quokka (D:5)
  6 starspawn tentacles
8 creatures vanquished.

Grand Total: 977 creatures vanquished

Notes
Turn   | Place    | Note
-------+----------+-------------------------------------------
     0 | D:1      | frimble the Octopode Warper began the quest for the Orb.
     0 | D:1      | Reached XP level 1. HP: 14/14 MP: 3/3
   174 | D:1      | Reached XP level 2. HP: 19/19 MP: 5/5
   185 | D:1      | Reached skill level 1 in Stealth
   508 | D:1      | Reached XP level 3. HP: 24/24 MP: 6/6
  1288 | D:2      | Noticed Jessica
  1294 | D:2      | Reached XP level 4. HP: 30/30 MP: 7/7
  1351 | D:2      | Killed Jessica
  1748 | D:3      | Learned a level 2 spell: Blink
  1785 | D:3      | Found a radiant altar of Vehumet.
  1787 | D:3      | Found a snail-covered altar of Cheibriados.
  1787 | D:3      | Found a blossoming altar of Fedhas.
  1804 | D:3      | Became a worshipper of Cheibriados the Contemplative
  1867 | D:3      | Found a faded altar of an unknown god.
  2012 | D:3      | Found a hazy altar of Hepliaklqana.
  2020 | D:3      | Reached XP level 5. HP: 33/35 MP: 8/8
  2168 | D:3      | Noticed Natasha
  2174 | D:3      | Killed Natasha
  2295 | D:3      | Noticed Natasha
  2302 | D:3      | Killed Natasha
  2349 | D:3      | Noticed Natasha
  2357 | D:3      | Killed Natasha
  2425 | D:4      | Reached skill level 1 in Evocations
  2425 | D:4      | Reached XP level 6. HP: 40/42 MP: 9/9
  2454 | D:4      | Found a glowing drain.
  2459 | Sewer    | Entered a sewer
  2476 | Sewer    | Reached * piety under Cheibriados
  2571 | Sewer    | Found a white marble altar of Elyvilon.
  2694 | D:4      | Noticed Pikel
  2709 | D:4      | Killed Pikel
  2710 | D:4      | Reached XP level 7. HP: 39/47 MP: 10/10
  2801 | D:4      | Found a shimmering altar of Xom.
  2802 | D:4      | Found a shimmering altar of Xom.
  2804 | D:4      | Found a shimmering altar of Xom.
  2826 | D:4      | Found a shimmering blue altar of Sif Muna.
  3003 | D:4      | Reached skill level 5 in Stealth
  3108 | D:4      | Reached XP level 8. HP: 36/54 MP: 11/11
  3360 | D:5      | Entered Level 5 of the Dungeon
  3360 | D:5      | Noticed Edmund
  3374 | D:5      | Killed Edmund
  3430 | D:5      | Noticed Eustachio
  3439 | D:5      | Killed Eustachio
  3440 | D:5      | Reached skill level 5 in Translocations
  3548 | D:5      | Found a transporter.
  3551 | D:5      | Found a transporter.
  3551 | D:5      | Noticed wolfgangpup's ghost (novice DsIE)
  3575 | D:5      | Noticed a yak
  3607 | D:5      | Found a white marble altar of Elyvilon.
  3705 | D:5      | Found a staircase to the Ecumenical Temple.
  3748 | D:5      | Reached ** piety under Cheibriados
  3841 | D:5      | Noticed Blork the orc
  3856 | D:5      | Killed Blork the orc
  3926 | D:5      | Found a runed translucent door.
  3927 | D:5      | Noticed Crazy Yiuf
  4047 | D:5      | Found a shadowy altar of Dithmenos.
  4052 | D:5      | Reached skill level 5 in Unarmed Combat
  4054 | D:5      | Reached XP level 9. HP: 58/60 MP: 12/12
  4058 | D:5      | Reached skill level 5 in Fighting
  4072 | D:5      | Found a bloodstained altar of Trog.
  4111 | D:5      | Killed Crazy Yiuf
  4173 | D:6      | Learned a level 2 spell: Passwall
  4336 | D:6      | Found a transporter.
  4346 | D:6      | Noticed a sun demon
  4434 | D:6      | Reached *** piety under Cheibriados
  4454 | D:6      | Found a transporter.
  4503 | D:6      | Reached skill level 5 in Throwing
  4515 | D:6      | Reached skill level 5 in Evocations
  5048 | D:7      | Noticed Joseph
  5160 | D:8      | Reached **** piety under Cheibriados
  5228 | D:8      | Reached skill level 1 in Invocations
  5266 | D:8      | Noticed Grum
  5277 | D:8      | Killed Grum
  5542 | D:8      | Found an ornate altar of the Wu Jian Council.
  5623 | D:8      | Reached XP level 10. HP: 68/68 MP: 13/13
  6039 | D:7      | Reached ***** piety under Cheibriados
  6192 | D:7      | Killed Joseph
  6193 | D:7      | Reached skill level 5 in Invocations
  6260 | D:7      | Reached skill level 5 in Dodging
  6727 | D:6      | Noticed innerfire43's ghost (novice DsMo)
  6727 | D:6      | Found a one-way gate to the infinite horrors of the Abyss.
  6986 | D:9      | Reached XP level 11. HP: 72/72 MP: 15/15
  7029 | D:9      | Found Biubba's Assorted Antiques.
  7035 | D:9      | Noticed a two-headed ogre
  7048 | D:9      | Killed a two-headed ogre
  7136 | D:9      | Bought a scroll of teleportation for 93 gold pieces
  7136 | D:9      | Bought a scroll of revelation for 232 gold pieces
  7151 | D:9      | You fall into a shaft and drop 1 floor!
  7151 | D:10     | Entered Level 10 of the Dungeon
  7214 | D:9      | Found an opulent altar of Gozag.
  7773 | D:9      | Found a staircase to the Lair.
  7995 | D:10     | Found Gidiv's Lightly-Used Armoury.
  8564 | D:10     | Noticed a skeletal warrior
  8575 | D:10     | Killed a skeletal warrior
  8615 | D:10     | Found the +5 scythe "Finisher" {speed, execute}
  8787 | D:10     | Found a sacrificial altar of Ru.
  8908 | D:11     | Noticed a cyclops
  8926 | D:11     | Killed a cyclops
  9076 | D:11     | Noticed a tengu warrior
  9081 | D:11     | Reached XP level 12. HP: 64/80 MP: 18/18
  9121 | D:11     | Killed a tengu warrior
  9172 | D:11     | Got the Almanac of the Scarab
  9191 | D:11     | Found a staircase to the Orcish Mines.
  9235 | D:11     | Noticed a boulder beetle
  9251 | D:11     | Killed a boulder beetle
  9251 | D:11     | Reached ****** piety under Cheibriados
  9488 | D:11     | Reached skill level 10 in Unarmed Combat
  9952 | D:12     | Found a frozen archway.
  9978 | IceCv    | Entered an ice cave
 10077 | IceCv    | Reached skill level 1 in Shields
 10269 | IceCv    | Reached skill level 2 in Shields
 10316 | IceCv    | Noticed a reaper
 10333 | IceCv    | Killed a reaper
 10334 | IceCv    | Reached skill level 3 in Shields
 10620 | IceCv    | Reached skill level 4 in Shields
 10776 | D:12     | Reached skill level 5 in Shields
 10875 | D:12     | Identified the +2 hand axe of the Disturbing Loafs {vamp,
                  | *Rage Str+2 Int+2 SInv}
 10898 | D:12     | Found a runed translucent door.
 11211 | Lair:1   | Entered Level 1 of the Lair of Beasts
 11359 | Lair:1   | Identified the amulet "Veytweso" {Faith Rampage +Inv rC-}
 11389 | Lair:1   | Reached skill level 6 in Shields
 11675 | Lair:1   | Reached XP level 13. HP: 88/88 MP: 19/19
 11752 | Lair:1   | Noticed Amaemon
 11765 | Lair:1   | Killed Amaemon
 12128 | Lair:2   | Reached skill level 7 in Shields
 12297 | Lair:2   | Reached skill level 5 in Spellcasting
 12637 | Lair:2   | Reached skill level 8 in Shields
 13237 | Lair:3   | Found a hole to the Spider Nest.
 13385 | Lair:3   | Reached skill level 10 in Fighting
 13521 | Lair:3   | Found a staircase to the Shoals.
 13968 | Lair:4   | Reached XP level 14. HP: 99/99 MP: 24/24
 14498 | Lair:4   | Learned a level 6 spell: Statue Form
 14849 | Lair:5   | Entered Level 5 of the Lair of Beasts
 14886 | Lair:5   | Found a runed translucent door.
 14887 | Lair:5   | Found a viscous altar of Jiyva.
 14889 | Lair:5   | Found a staircase to the Slime Pits.
 14961 | Lair:5   | Reached skill level 1 in Transmutations
 14961 | Lair:5   | Reached skill level 1 in Earth Magic
 15048 | Lair:5   | Reached skill level 9 in Shields
 16543 | D:13     | Reached XP level 15. HP: 103/103 MP: 25/25
 16594 | D:13     | Found Vousira's Magic Scroll Emporium.
 16607 | D:13     | Reached skill level 10 in Dodging
 16607 | D:13     | Reached skill level 10 in Shields
 16611 | D:13     | Found Udwimet's Jewellery Shop.
 16825 | D:13     | Found Ytut Muw's Distillery.
 16833 | D:13     | Bought a potion of heal wounds for 65 gold pieces
 16833 | D:13     | Bought a potion of heal wounds for 65 gold pieces
 16843 | D:13     | Reached skill level 5 in Transmutations
 16843 | D:13     | Reached skill level 5 in Earth Magic
 16905 | D:13     | Noticed Rupert
 16915 | D:13     | Rupert changed into Rupert the formless jellyfish
 16915 | D:13     | Noticed Rupert
 16933 | D:13     | Killed Rupert the formless jellyfish
 17174 | D:13     | Found Semmesiu's Antique Armour Shoppe.
 17176 | D:13     | Found Zuqe's Antique Armour Shoppe.
 17180 | D:13     | Bought a steaming kite shield for 256 gold pieces
 17180 | D:13     | Identified the +1 kite shield of Qilon {rPois Str+3 Dex+3
                  | Stlth+} (You bought it in a shop on level 13 of the
                  | Dungeon)
 17555 | D:14     | Found a gate to the Vaults.
 17677 | D:14     | Noticed Nessos
 17678 | D:14     | Noticed Azrael
 17687 | D:14     | Killed Nessos
 17689 | D:14     | Killed Azrael
 17802 | D:14     | Noticed Snorg
 17808 | D:14     | Killed Snorg
 18119 | D:15     | Entered Level 15 of the Dungeon
 18140 | D:15     | Reached skill level 11 in Shields
 18187 | D:15     | Found Xuire's Antique Weapon Emporium.
 18833 | D:15     | Found a staircase to the Depths.
 18842 | D:15     | Reached XP level 16. HP: 109/109 MP: 15/26
 19127 | Orc:1    | Entered Level 1 of the Orcish Mines
 19223 | Orc:2    | Entered Level 2 of the Orcish Mines
 19325 | Orc:2    | Found Nimig's General Store.
 19353 | Orc:2    | Bought a scroll of immolation for 52 gold pieces
 19377 | Orc:2    | Found a dark tunnel.
 19385 | Volcano  | Entered a volcano
 19737 | Orc:2    | Found Rixocrun's Antique Armour Emporium.
 19766 | Orc:2    | Paralysed by an orc sorcerer for 2 turns
 19793 | Orc:2    | Found a staircase to the Elven Halls.
 19801 | Orc:2    | Found Plog's Antique Weapon Shop.
 19816 | Orc:2    | Reached skill level 12 in Shields
 19912 | Orc:2    | Found Ciph's General Store.
 19941 | Orc:2    | Bought a scroll of blinking for 127 gold pieces
 19941 | Orc:2    | Bought a scroll of teleportation for 51 gold pieces
 20036 | Orc:2    | Found Weot's Book Boutique.
 20061 | Orc:2    | Bought a book of Party Tricks for 256 gold pieces
 20670 | Elf:1    | Entered Level 1 of the Elven Halls
 20736 | Elf:1    | Paralysed by an air elemental for 1 turns
 20935 | Elf:1    | Noticed Asterion
 20942 | Elf:1    | Killed Asterion
 21022 | Elf:1    | Found an ancient bone altar of Kikubaaqudgha.
 21141 | Elf:1    | Reached skill level 10 in Transmutations
 21141 | Elf:1    | Reached skill level 10 in Earth Magic
 21143 | Elf:1    | Noticed Zenata
 21150 | Elf:1    | Killed Zenata
 21159 | Elf:1    | Noticed a sphinx
 21162 | Elf:1    | Noticed a sphinx
 21168 | Elf:1    | Killed a sphinx
 21170 | Elf:1    | Killed a sphinx
 21176 | Elf:1    | Got Lefaun's Secrets of the Familiar
 21193 | Elf:1    | Reached skill level 13 in Shields
 21696 | Elf:1    | Reached XP level 17. HP: 115/115 MP: 21/27
 21721 | Elf:1    | Noticed a sphinx
 21727 | Elf:1    | Killed a sphinx
 21800 | Elf:2    | Found a flickering gateway to a bazaar.
 21812 | Bazaar   | Entered a bazaar
 21839 | Bazaar   | Found Eshras's Jewellery Shoppe.
 21844 | Bazaar   | Bought the amulet "Seit" {RegenMP Int+2} for 535 gold
                  | pieces
 21855 | Bazaar   | Found Cog Karaej's Jewellery Shoppe.
 21871 | Bazaar   | Found Eveest's Armour Emporium.
 21911 | Bazaar   | Bought a ring of willpower for 300 gold pieces
 21956 | Elf:2    | Learned a level 1 spell: Apportation
 22195 | Elf:2    | Got the Reference Book on the Legion
 22253 | Elf:2    | Noticed a deep elf blademaster
 22256 | Elf:2    | Killed a deep elf blademaster
 22301 | Elf:2    | Found a runed translucent gate.
 22301 | Elf:2    | Found a runed translucent gate.
 22367 | Elf:2    | Found a runed translucent gate.
 22619 | Elf:2    | Reached skill level 14 in Shields
 22696 | Elf:2    | Identified the +8 whip of the Butterfly {drain, Dex+3}
 22792 | Elf:2    | Got Xysauxtow's Encyclopedia of the Bouncing Tales
 22895 | Elf:2    | Got Xipnoitz's Tome of the Salamander
 23001 | Elf:2    | Got the Spellbook of the Bane
 23146 | Elf:3    | Entered Level 3 of the Elven Halls
 23267 | Elf:3    | Reached XP level 18. HP: 120/120 MP: 28/28
 23563 | Elf:3    | Noticed a deep elf master archer
 23566 | Abyss:2  | Cast into level 2 of the Abyss (a deep elf sorcerer)
 23582 | Abyss:2  | Found a corrupted altar of Lugonu.
 23585 | Abyss:2  | Found a corrupted altar of Lugonu.
 23587 | Abyss:2  | Found a corrupted altar of Lugonu.
 23598 | Abyss:2  | Found a corrupted altar of Lugonu.
 23598 | Abyss:2  | Found a corrupted altar of Lugonu.
 23600 | Abyss:2  | Found a corrupted altar of Lugonu.
 23692 | Abyss:3  | Gained mutation: You occasionally shout uncontrollably at
                  | your foes. [a neqoxec]
 23782 | Abyss:3  | Gained mutation: Your magical capacity is low. (-10% MP) [a
                  | neqoxec]
 23900 | Abyss:3  | Noticed a bone dragon
 23902 | Abyss:3  | Noticed a profane servitor
 23916 | Abyss:3  | Killed a profane servitor
 23920 | Abyss:3  | Killed a bone dragon
 23928 | Abyss:3  | Noticed a hellephant
 23930 | Elf:3    | Escaped the Abyss
 23930 | Elf:3    | Shot with an arrow by a deep elf master archer

Illustrated notes

Levels and vault maps discovered:
D:1:      ebering_trefoil_twist, layout_basic
D:2:      layout_basic, st_stairs_4, minmay_misc_feat_tower, uniq_jessica
D:3:      layout_loops_ring, mainiacjoe_overflow_chevrons,
          grunt_temple_overflow_open, hellmonk_ecumenical_altar_crossroads,
          uniq_natasha
D:4:      layout_gridville, xom_redecorated,
          mainiacjoe_overflow_concentric_impassable, gup_sewer_entry_bowl,
          serial_park_tiny_2, kennysheep_generic_room_12, uniq_pikel
D:5:      layout_basic, kennysheep_mini, elyvilon_altar_4,
          grunt_dithmenos_smoke, minmay_temple_entry_glass,
          gammafunk_ghost_arena, chequers_serial_rivers_small_a, uniq_eustachio,
          uniq_edmund, uniq_crazy_yiuf_cottage, uniq_blork_the_orc
D:6:      layout_basic, gammafunk_ghost_abyssal_escape, minivault_1,
          minivault_24
D:7:      layout_cave_pools, nicolae_letterblocks [nicolae_letter_subblock,
          nicolae_letter_subblock, nicolae_letter_subblock,
          nicolae_letter_subblock, nicolae_letter_subblock,
          nicolae_letter_subblock, nicolae_letter_subblock,
          nicolae_letter_subblock, nicolae_letter_subblock,
          nicolae_letter_subblock, nicolae_letter_subblock,
          nicolae_letter_subblock, nicolae_letter_subblock,
          nicolae_letter_subblock, nicolae_letter_subblock,
          nicolae_letter_subblock, nicolae_letter_subblock,
          nicolae_letter_subblock, nicolae_letter_subblock,
          nicolae_letter_subblock, nicolae_letter_subblock,
          nicolae_letter_subblock, nicolae_letter_subblock,
          nicolae_letter_subblock, nicolae_letter_subblock], uniq_joseph
D:8:      layout_loops_ring, pdpol_wu_jian_five_deadly_venoms, uniq_grum
D:9:      layout_rooms, grunt_gozag_breadcrumbs, david_lair_shrubbed,
          serial_shops, shop, minivault_16, grunt_decor_one_mirror,
          minmay_increasing_density
D:10:     layout_basic, nicolae_ru_path_of_blood, minmay_shop_damaged,
          minmay_guarded_unrand_finisher
D:11:     layout_irregular_city, zombieorc2_lemuel
D:12:     layout_rooms, portal_ice_cave_entry_pillars_2, lightli_church_of_beogh
D:13:     nicolae_BIG_FREAKIN_CUBE, layout_basic, serial_shops,
          nicolae_shop_tiny_real_fake_doors, shop, nicolae_shop_dealshenge,
          shop, nicolae_shop_gaudy_bauble, uniq_rupert
D:14:     layout_rooms, ximxim_vaults_locker_room, uniq_azrael, uniq_nessos,
          uniq_snorg
D:15:     hangedman_depths_entry_try_elsewhere_first, layout_cave_pods,
          chequers_serial_rivers_micro_e, serial_shops, nicolae_shop_dealshenge,
          eino_curves_02, fake_guardian_serpent_vault
Lair:1:   layout_chaotic_city, grunt_megastairs_2, infiniplex_staircase_pool,
          serial_bayou_shore_a, uniq_amaemon
Lair:2:   dreamdust_isle_of_ice, layout_regular_city, grunt_megastairs_3
Lair:3:   wander_river, layout_cave_shapes, nicolae_shoals_entry_flooding,
          nicolae_spider_entry_non_spiders, minivault_24
Lair:4:   layout_cellular_growth, infiniplex_staircase_pool_2
Lair:5:   minmay_lair_end_enchanted_forest, layout_concentric_octagons,
          slime_entry_2, lemuel_fruit_tree, serial_bayou_shore_b
Orc:1:    layout_diamond_mine, nicolae_orc_lava_tube
Orc:2:    grunt_orc_gardens, layout_caves, grunt_orc_garden, grunt_orc_garden,
          grunt_orc_garden, grunt_orc_garden, enter_volcano_2, serial_shops,
          nicolae_shop_tiny_statue_garden
Elf:1:    eino_elf_arrival_customs, layout_loops_corners, special_room
          [special_room_mythical_zoo], basic_altar, minmay_elf_demonology,
          uniq_zenata, uniq_asterion
Elf:2:    nicolae_elf_blades_crystal_corner, layout_loops_cross,
          serial_hangedman_research, hangedman_research_convocations,
          hangedman_research_toxicology, hangedman_research_thermodynamics,
          hangedman_research_pyrotechnics, serial_shops, bzr_firewalk
Elf:3:    minmay_elf_hall_x, layout_geoelf_octagon

Skill      XL: |  1  2  3  4  5  6  7  8  9 10 11 12 13 14 15 16 17 |
---------------+----------------------------------------------------+-----
Stealth        | 1 2 3 4 5 6 |  6.0
Throwing       | 2 3 4 5 |  5.2
Unarmed Combat | 3 4 5 6 8 9 11 12 | 12.7
Fighting       | 3 4 6 7 10 | 10.0
Translocations | 4 5 6 7 |  7.0
Evocations     | 1 2 3 4 5 7 8 |  8.0
Invocations    | 2 6 8 9 |  9.0
Dodging        | 5 7 8 9 10 | 10.0
Spellcasting   | 4 7 |  7.0
Shields        | 6 8 9 11 13 14 | 14.8
Transmutations | 4 8 10 12 | 12.9
Earth Magic    | 4 8 10 12 | 12.8
Short Blades   | |  0.1

Action                     |  1- 3 |  4- 6 |  7- 9 | 10-12 | 13-15 | 16-18 || total
---------------------------+-------+-------+-------+-------+-------+-------++-------
  Melee: Unarmed           |    86 |   108 |   163 |   433 |   625 |   523 ||  1938
         Constrict         |    22 |    27 |    49 |    53 |    83 |   116 ||   350
         Tentacles         |    16 |    27 |    35 |   113 |   189 |   148 ||   528
         Punch             |     3 |     2 |     7 |    39 |    67 |    43 ||   161
  Throw: Boomerang         |       |     3 |    25 |    75 |       |     1 ||   104
         Dart              |       |       |     6 |    71 |    52 |       ||   129
         Throwing net      |       |       |     1 |     3 |       |       ||     4
         Javelin           |       |       |       |       |     7 |       ||     7
   Cast: Blink             |       |       |     9 |    28 |    19 |     9 ||    65
         Statue Form       |       |       |       |       |    14 |    58 ||    72
         Passwall          |       |       |       |       |       |     3 ||     3
         Apportation       |       |       |       |       |       |     1 ||     1
 Invoke: Slouch            |       |       |       |     6 |    12 |     3 ||    21
         Step From Time    |       |       |       |     1 |       |       ||     1
  Evoke: Wand              |       |     2 |     6 |     9 |    23 |     2 ||    42
    Use: Scroll            |     3 |     2 |    11 |    10 |     9 |     2 ||    37
         Potion            |       |       |     1 |     3 |     2 |     2 ||     8
   Stab: Sleeping          |    10 |     6 |    13 |     8 |    12 |     6 ||    55
         Distracted        |       |     1 |       |     2 |     7 |       ||    10
         Held in net/web   |       |       |       |     3 |       |       ||     3
         Invisible         |       |       |       |     2 |     2 |       ||     4
         Petrified         |       |       |       |       |       |     2 ||     2
         Paralysed         |       |       |       |       |       |     1 ||     1
 Armour: Skin              |    10 |     5 |    26 |    44 |    83 |   190 ||   358
  Dodge: Dodged            |    55 |    51 |   124 |   332 |   608 |   600 ||  1770
  Block: Buckler           |       |       |       |    16 |   202 |       ||   218
         Kite shield       |       |       |       |       |   222 |   614 ||   836

Table legend: (Time is in decaauts)
 A = Elapsed time spent in this place.
 B = Non-inter-level travel time spent in this place.
 C = Inter-level travel time spent in this place.
 D = Time resting spent in this place.
 E = Time spent auto-exploring this place.
 F = Levels seen in this place.
 G = Mean time per level.
                   A        B        C        D        E       F      G
               +--------+--------+--------+--------+--------+-----+--------+
         Total |  39119 |  36932 |   2187 |    174 |  28934 |  31 | 1261.9 |
       Dungeon |  20110 |  18591 |   1519 |    108 |  15227 |  15 | 1340.7 |
          Lair |   8377 |   7937 |    440 |      0 |   6537 |   5 | 1675.4 |
  Orcish Mines |   2498 |   2405 |     93 |      0 |   1979 |   2 | 1249.0 |
   Elven Halls |   5554 |   5421 |    133 |      0 |   3952 |   3 | 1851.3 |
         Abyss |    739 |    739 |      0 |     20 |    225 |   2 |  369.5 |
        Bazaar |    246 |    246 |      0 |      0 |    132 |   1 |  246.0 |
         Sewer |    184 |    184 |      0 |      0 |    108 |   1 |  184.0 |
      Ice Cave |    901 |    901 |      0 |     46 |    344 |   1 |  901.0 |
       Volcano |    506 |    506 |      0 |      0 |    427 |   1 |  506.0 |
               +--------+--------+--------+--------+--------+-----+--------+

Top non-repeatable levels by time:
   Elf:2: 2490 daAuts
   Elf:1: 2205 daAuts
  Lair:5: 2068 daAuts
    D:10: 1869 daAuts
    D:15: 1852 daAuts
  Lair:4: 1844 daAuts
    D:11: 1813 daAuts
  Lair:2: 1720 daAuts
    D:13: 1660 daAuts
     D:9: 1614 daAuts
  Lair:1: 1601 daAuts
     D:8: 1530 daAuts
   Orc:2: 1497 daAuts
     D:6: 1426 daAuts
    D:14: 1281 daAuts
